 Dungeon Crawl Stone Soup version 0.31-a0-222-gefeffbb62a (webtiles) character file.

Game seed: 7205066416151918404

37121 qw the Marksminotaur (level 13, -2/118 HPs)
             Began as a Minotaur Hexslinger on July 5, 2023.
             Was an Elder of Okawaru.
             Slain by a dream sheep (4 damage)
             ... on level 5 of the Lair of Beasts.
             The game lasted 00:07:52 (18526 turns).

qw the Marksminotaur (Minotaur Hexslinger)         Turns: 18526, Time: 00:07:53

Health: -2/118     AC: 19    Str: 18    XL:     13   Next: 56%
Magic:  18/19      EV: 20    Int:  9    God:    Okawaru [****..]
Gold:   661        SH:  0    Dex: 20    Spells: 13/14 levels left

rFire   . . .        Y - +0 arbalest (drain)
rCold   + . .        (shield currently unavailable)
rNeg    . . .        l - +1 ring mail of the Everdark {rC+ Dex+4}
rPois   .            (helmet restricted)
rElec   .            f - +0 cloak
rCorr   .            c - +0 pair of gloves
SInv    +            d - +0 pair of boots
Will    .....        b - amulet of faith
Stlth   +++          k - +4 ring of protection
HPRegen 0.39/turn    e - ring of see invisible
MPRegen 0.16/turn

%: faith
@: lethally poisoned (-2 -> -4), heroic
A: horns 2, retaliatory headbutt, iridescent scales 1, strong 1
a: Renounce Religion, Heroism, Finesse


You were on level 5 of the Lair of Beasts.
You worshipped Okawaru.
Okawaru was greatly pleased with you.
You visited 3 branches of the dungeon, and saw 17 of its levels.

You collected 1132 gold pieces.
You spent 471 gold pieces at shops.


Innate Abilities, Weirdness & Mutations

You have a pair of horns on your head.
You reflexively headbutt those who attack you in melee.
You are partially covered in iridescent scales. (AC +2)
Your muscles are strong. (Str +4, Int/Dex -1)


   Skills:
 - Level 12.0(17.0) Fighting
 - Level 18.0(23.0) Ranged Weapons
 - Level 6.3(11.3) Armour
 + Level 8.8(13.8) Dodging
 - Level 1.0 Spellcasting
 - Level 2.0 Hexes
 - Level 10.0 Invocations


You had 13 spell levels left.
You knew the following spells:

 Your Spells              Type           Power      Damage    Failure   Level
a - Slow                  Hex            16%        N/A       26%         1

Your spell library contained the following spells:

 Spells                   Type           Power      Damage    Failure   Level
 Inner Flame              Hex/Fire       2%         N/A       75%         3
 Portal Projectile        Hex/Tloc       4%         N/A       75%         3
 Cause Fear               Hex            2%         N/A       94%         4

Inventory:

Hand Weapons
 Y - a +0 arbalest of draining (weapon)
Armour
 c - a +0 pair of gloves (worn)
 d - a +0 pair of boots (worn)
 f - a +0 cloak (worn)
 l - the +1 ring mail of the Everdark (worn) {rC+ Dex+4}
   (You bought it in a shop on level 7 of the Dungeon)

   Dex:       It affects your dexterity (+4).
   rC:        It protects you from cold.
Jewellery
 b - an amulet of faith (around neck)
 e - a ring of see invisible (right hand)
 k - a +4 ring of protection (left hand)
 n - a ring of resist corrosion
 o - a ring of positive energy
 u - a ring of willpower
Scrolls
 g - 2 scrolls of identify
Potions
 a - 3 potions of cancellation
 h - a potion of might
 i - 4 potions of curing
 j - a potion of enlightenment
 m - 2 potions of resistance
 p - 4 potions of mutation
 q - 3 potions of haste
 r - a potion of magic

Dungeon Overview and Level Annotations

Branches:
Dungeon (11/15)            Temple (1/1) D:7            Lair (5/5) D:11
 Shoals (0/4) Lair:2        Snake (0/4) Lair:2        Slime (0/5) Lair:4
    Orc: D:9-12

Altars:
Ashenzari
Cheibriados
Dithmenos
Elyvilon
Fedhas
Gozag
Hepliaklqana
Kikubaaqudgha
Makhleb
Nemelex Xobeh
Okawaru
Qazlal
Ru
Sif Muna
Trog
Uskayaw
Vehumet
Wu Jian
Xom
Yredelemnul
Zin
The Shining One
Jiyva

Shops:
D:6 *   D:7 [

Portals:
Ice
Cave: Lair:5

Annotations:
Lair:2 3 runed translucent doors, qw's ghost, journeyman DEHu
Lair:3 1 runed translucent door
Lair:4 2 runed translucent doors, qw's ghost, journeyman GrFi


Message History

You shoot a bolt. The bolt hits the cane toad!
The cane toad is severely wounded.
You feel sick.
The cane toad stings you but does no damage.
The dream sheep bites you.
The dream sheep bites you but does no damage.
You shoot a bolt. The bolt hits the cane toad!!
You kill the cane toad!
Okawaru accepts your kill.
You feel sick. The dream sheep bites you.
The dream sheep completely misses you. You furiously retaliate!
You headbutt the dream sheep.
The dream sheep bites you but does no damage.
The dream sheep misses you.
You shoot a bolt. The bolt hits the dream sheep!
The dream sheep is heavily wounded.
You feel sick. The dream sheep completely misses you.
The basilisk gazes at you.
You easily resist.
The dream sheep bites you but does no damage.
The dream sheep closely misses you.
The dream sheep bites you but does no damage.
You shoot a bolt. The bolt hits the dream sheep.
You drain the dream sheep.
The dream sheep is almost dead.
You feel sick. The dream sheep closely misses you. The basilisk misses you.
You furiously retaliate!
You headbutt the basilisk! The dream sheep misses you.
The dream sheep shake their wool and sparkle.
You feel drowsy...
You fall asleep.
The dream sheep bites you!!
You wake up.
You shoot a bolt. The bolt hits the dream sheep!
You kill the dream sheep!
Okawaru accepts your kill.
You feel sick.
The dream sheep bites you but does no damage.
The dream sheep misses you. The dream sheep bites you. The basilisk misses you.
You shoot a bolt. The bolt hits the basilisk!!
You kill the basilisk!
Okawaru accepts your kill.
You feel sick.
The dream sheep bites you but does no damage.
The dream sheep bites you.
You die...

......# ......# .......
##.......# .........#
##........##
##.YY..#....#
#.Y@%.......#
###........## .#
#........P#
....##..P.....#
..[.P##P......#
#...#.......## #.#
#####..........##
...######.#.#..........P#
^......#.#..............#


You could see 3 dream sheep.

Vanquished Creatures
  Erolcha (D:11)
  An ogre mage (D:11)
  4 hydras
  5 boulder beetles
  2 two-headed ogres
  3 skysharks
  A deep elf pyromancer (D:11)
  A wolf spider (D:11)
  A faun (shapeshifter) (D:11)
  2 manticores (D:11)
  2 cyclopes (D:11)
  2 merfolk sirens (Lair:2)
  3 black mambas
  A torpor snail (Lair:3)
  12 cane toads
  10 komodo dragons
  2 unseen horrors (D:10)
  A yaktaur (D:11)
  4 rime drakes
  A queen bee (D:9)
  A troll (D:11)
  2 merfolk (Lair:2)
  2 polar bears
  4 dream sheep
  7 blink frogs
  23 yaks
  5 wyverns
  A basilisk (Lair:5)
  A vampire mosquito (D:11)
  3 nagas (Lair:2)
  2 acid dragons (D:11)
  12 water moccasins
  4 orc warriors
  3 sky beasts
  An ice beast (D:7)
  3 black bears
  4 wolves (Lair:2)
  5 centaurs
  A phantom (D:4)
  4 kobold brigands
  7 bullfrogs
  A scorpion (D:7)
  3 gnoll sergeants
  13 wights
  24 killer bees
  4 howler monkeys
  7 hounds
  A gnoll bouda (D:8)
  5 orc priests
  A jelly (D:6)
  3 iguanas
  3 sleepcaps
  Jessica (D:2)
  Ijyb (D:4)
  Natasha (thrice) (D:3)
  14 orc wizards
  Robin (D:5)
  27 gnolls
  10 adders
  2 shadow imps
  2 white imps
  2 worms (D:2)
  62 orcs
  6 bats
  10 endoplasms
  3 giant cockroaches
  11 goblins
  9 hobgoblins
  18 jackals
  4 quokkas
  11 ball pythons
  3 frilled lizards (D:2)
  20 kobolds
  2 rats
441 creatures vanquished.

Notes
Turn   | Place    | Note
-------+----------+-------------------------------------------
     0 | D:1      | qw the Minotaur Hexslinger began the quest for the Orb.
     0 | D:1      | Reached XP level 1. HP: 16/16 MP: 1/1
     0 | D:1      | 0 ||| qw: Version: 0.3-a-46-gb1f654a
     0 | D:1      | 0 ||| qw: Game counter: 1046
     0 | D:1      | 0 ||| qw: Melee chars always use a shield: true
     0 | D:1      | 0 ||| qw: God list: Okawaru
     0 | D:1      | 0 ||| qw: Allow faded altars: false
     0 | D:1      | 0 ||| qw: Do Orc after clearing Dungeon:15 true
     0 | D:1      | 0 ||| qw: Do second Lair branch before Depths: true
     0 | D:1      | 0 ||| qw: Lair rune preference: random
     0 | D:1      | 0 ||| qw: Goals: Normal
     0 | D:1      | 0 ||| PLANNING D:1-11
    33 | D:1      | 33 ||| SWAPPING to +0 orcbow.
    63 | D:1      | 63 ||| DROPPING +1 sling.
   194 | D:1      | Reached skill level 3 in Ranged Weapons
   194 | D:1      | Reached XP level 2. HP: 23/23 MP: 2/2
   549 | D:1      | Found a faded altar of an unknown god.
   736 | D:1      | 736 ||| UPGRADING to +0 ring mail.
   746 | D:1      | 746 ||| DROPPING +0 robe.
   747 | D:1      | 747 ||| READING scroll labelled FOENYERATH.
   748 | D:1      | 748 ||| READING 3 scrolls labelled LOUTOG ODIOTUN.
   749 | D:1      | 749 ||| READING scroll labelled TOZAPISSAY.
   750 | D:1      | 750 ||| READING 2 scrolls of identify.
   750 | D:1      | 750 ||| IDENTIFYING grey potion
   751 | D:1      | 751 ||| DROPPING scroll of poison.
   831 | D:2      | Reached XP level 3. HP: 29/29 MP: 3/3
  1025 | D:2      | Reached skill level 4 in Ranged Weapons
  1088 | D:2      | Reached skill level 1 in Armour
  1160 | D:2      | 1160 ||| FLEEEEING.
  1168 | D:2      | 1168 ||| FLEEEEING.
  1208 | D:2      | Noticed Jessica
  1227 | D:2      | Killed Jessica
  1228 | D:2      | Reached XP level 4. HP: 12/36 MP: 4/4
  1642 | D:2      | 1642 ||| UPGRADING to +0 pair of boots.
  1647 | D:2      | 1647 ||| DROPPING ring of magical power.
  1648 | D:2      | 1648 ||| READING scroll labelled XIL JINIXKIFUAT.
  1749 | D:2      | 1749 ||| READING 2 scrolls labelled SOH SIRPHIKUY.
  1750 | D:2      | 1750 ||| DROPPING scroll of immolation.
  1935 | D:3      | Reached skill level 5 in Ranged Weapons
  2329 | D:3      | Reached skill level 3 in Fighting
  2329 | D:3      | Reached XP level 5. HP: 45/45 MP: 5/5
  2436 | D:3      | 2436 ||| DROPPING ring of wizardry.
  2438 | D:3      | 2438 ||| READING scroll labelled VYTZORUFE.
  2439 | D:3      | 2439 ||| FLEEEEING.
  2440 | D:3      | 2440 ||| FLEEEEING.
  2449 | D:3      | HP: 11/45 [gnoll/+0 spear (4)]
  2450 | D:3      | Reached skill level 6 in Ranged Weapons
  2450 | D:3      | 2450 ||| DRINKING 3 potions of heal wounds.
  2452 | D:3      | Noticed Natasha
  2458 | D:3      | Reached XP level 6. HP: 29/52 MP: 6/6
  2459 | D:3      | Killed Natasha
  2514 | D:3      | HP: 13/52 [kobold brigand/+0 dagger (5)]
  2515 | D:3      | 2515 ||| DRINKING 2 potions of heal wounds.
  2600 | D:3      | Noticed Natasha
  2607 | D:3      | Killed Natasha
  2639 | D:3      | Reached skill level 7 in Ranged Weapons
  2649 | D:3      | HP: 4/52 [gnoll/+0 halberd (11)]
  2650 | D:3      | 2650 ||| DRINKING potion of heal wounds.
  2656 | D:3      | HP: 7/52 [gnoll/+0 spear (6)]
  2698 | D:3      | HP: 8/52 [orc priest/divine providence (12)]
  2701 | D:3      | Reached XP level 7. HP: 10/59 MP: 7/7
  2729 | D:3      | Noticed Natasha
  2731 | D:3      | HP: 9/59 [Natasha/magic dart (5)]
  2736 | D:3      | HP: 7/59 [something (4)]
  2737 | D:3      | Killed Natasha
  3235 | D:3      | 3235 ||| READING 2 scrolls of identify.
  3235 | D:3      | 3235 ||| IDENTIFYING clear potion
  3315 | D:4      | 3315 ||| FLEEEEING.
  3316 | D:4      | 3316 ||| FLEEEEING.
  3317 | D:4      | 3317 ||| FLEEEEING.
  3318 | D:4      | 3318 ||| FLEEEEING.
  3319 | D:4      | 3319 ||| FLEEEEING.
  3320 | D:4      | 3320 ||| FLEEEEING.
  3321 | D:4      | 3321 ||| FLEEEEING.
  3322 | D:4      | 3322 ||| FLEEEEING.
  3327 | D:4      | 3327 ||| FLEEEEING.
  3328 | D:4      | 3328 ||| FLEEEEING.
  3329 | D:4      | 3329 ||| FLEEEEING.
  3330 | D:4      | 3330 ||| FLEEEEING.
  3331 | D:4      | 3331 ||| FLEEEEING.
  3332 | D:4      | 3332 ||| FLEEEEING.
  3348 | D:4      | Reached skill level 8 in Ranged Weapons
  3506 | D:4      | Noticed Ijyb
  3516 | D:4      | Killed Ijyb
  4087 | D:4      | 4087 ||| UPGRADING to +2 ring mail of positive energy.
  4097 | D:4      | 4097 ||| UPGRADING to +0 pair of gloves.
  4102 | D:4      | 4102 ||| DROPPING +0 ring mail.
  4103 | D:4      | 4103 ||| READING scroll labelled ADURRA TUKK.
  4104 | D:4      | 4104 ||| READING 3 scrolls of identify.
  4104 | D:4      | 4104 ||| IDENTIFYING coppery potion
  4105 | D:4      | 4105 ||| READING 2 scrolls of identify.
  4105 | D:4      | 4105 ||| IDENTIFYING bubbling yellow potion
  4106 | D:4      | 4106 ||| DROPPING potion of attraction.
  4107 | D:4      | 4107 ||| DROPPING potion of brilliance.
  4115 | D:5      | Entered Level 5 of the Dungeon
  4131 | D:5      | 4131 ||| Stepping ~*~*~tactically~*~*~ (outnumbered).
  4173 | D:5      | Reached skill level 9 in Ranged Weapons
  4173 | D:5      | Reached XP level 8. HP: 45/68 MP: 8/8
  4192 | D:5      | 4192 ||| FLEEEEING.
  4193 | D:5      | 4193 ||| FLEEEEING.
  4194 | D:5      | 4194 ||| FLEEEEING.
  4195 | D:5      | 4195 ||| FLEEEEING.
  4196 | D:5      | 4196 ||| FLEEEEING.
  4197 | D:5      | 4197 ||| FLEEEEING.
  4198 | D:5      | 4198 ||| FLEEEEING.
  4200 | D:5      | 4200 ||| FLEEEEING.
  4202 | D:5      | 4202 ||| FLEEEEING.
  4203 | D:5      | 4203 ||| FLEEEEING.
  4204 | D:5      | 4204 ||| FLEEEEING.
  4205 | D:5      | 4205 ||| STAIRDANCE
  4466 | D:5      | Reached skill level 6 in Fighting
  4523 | D:5      | Reached skill level 3 in Dodging
  4590 | D:5      | 4590 ||| FLEEEEING.
  4591 | D:5      | 4591 ||| FLEEEEING.
  4596 | D:5      | 4596 ||| FLEEEEING.
  4597 | D:5      | 4597 ||| FLEEEEING.
  4598 | D:5      | 4598 ||| FLEEEEING.
  4599 | D:5      | 4599 ||| FLEEEEING.
  4600 | D:5      | 4600 ||| FLEEEEING.
  4607 | D:5      | 4607 ||| FLEEEEING.
  4608 | D:5      | 4608 ||| FLEEEEING.
  4609 | D:5      | 4609 ||| FLEEEEING.
  4622 | D:5      | 4622 ||| FLEEEEING.
  4623 | D:5      | 4623 ||| FLEEEEING.
  4624 | D:5      | 4624 ||| FLEEEEING.
  4625 | D:5      | 4625 ||| FLEEEEING.
  4626 | D:5      | 4626 ||| FLEEEEING.
  4627 | D:5      | 4627 ||| FLEEEEING.
  4628 | D:5      | 4628 ||| FLEEEEING.
  4629 | D:5      | 4629 ||| FLEEEEING.
  4630 | D:5      | 4630 ||| FLEEEEING.
  4631 | D:5      | 4631 ||| FLEEEEING.
  4632 | D:5      | 4632 ||| FLEEEEING.
  4633 | D:5      | 4633 ||| FLEEEEING.
  4634 | D:5      | 4634 ||| FLEEEEING.
  4635 | D:5      | 4635 ||| FLEEEEING.
  4636 | D:5      | 4636 ||| FLEEEEING.
  4782 | D:5      | Noticed Robin
  4792 | D:5      | Killed Robin
  5207 | D:5      | 5207 ||| UPGRADING to +0 cloak.
  5245 | D:6      | Reached skill level 3 in Armour
  5266 | D:6      | Found a stormy altar of Qazlal.
  5310 | D:6      | Reached skill level 10 in Ranged Weapons
  5322 | D:6      | You fall into a shaft and drop 1 floor!
  5349 | D:7      | Found Otebriant's Armour Shop.
  5385 | D:7      | Reached XP level 9. HP: 37/79 MP: 9/9
  5515 | D:7      | 5515 ||| BUYING +1 ring mail of the Everdark {rC+ Dex+4}
                  | (471 gold).
  5515 | D:7      | Bought the +1 ring mail of the Everdark {rC+ Dex+4} for 471
                  | gold pieces
  5532 | D:7      | 5532 ||| UPGRADING to +1 ring mail of the Everdark {rC+
                  | Dex+4}.
  5542 | D:7      | 5542 ||| DROPPING +2 ring mail of positive energy.
  5543 | D:7      | 5543 ||| UPGRADING to +4 ring of protection.
  5544 | D:7      | 5544 ||| READING 2 scrolls of identify.
  5544 | D:7      | 5544 ||| IDENTIFYING fizzy clear potion
  5737 | D:6      | 5737 ||| Stepping ~*~*~tactically~*~*~ (outnumbered).
  5739 | D:6      | 5739 ||| Stepping ~*~*~tactically~*~*~ (outnumbered).
  5809 | D:6      | Reached skill level 11 in Ranged Weapons
  5860 | D:6      | Found Zin's Purification Station.
  5865 | D:6      | Found a glowing silver altar of Zin.
  5868 | D:6      | 5868 ||| SHOPLISTING potion of curing (90 gold, have 35).
  6120 | D:6      | 6120 ||| UPGRADING to amulet of faith.
  6125 | D:6      | 6125 ||| UPGRADING to ring of positive energy.
  6126 | D:6      | 6126 ||| UPGRADING to ring of willpower.
  6128 | D:6      | 6128 ||| DROPPING ring of flight.
  6129 | D:6      | 6129 ||| READING scroll labelled HOISOIZAAST.
  6151 | D:7      | Found a staircase to the Ecumenical Temple.
  6152 | D:7      | 6152 ||| PLANNING TEMPLE
  6183 | Temple   | Entered the Ecumenical Temple
  6348 | Temple   | 6348 ||| PLANNING OKAWARU WORSHIP
  6453 | Temple   | Became a worshipper of Warmaster Okawaru
  6454 | Temple   | 6454 ||| PLANNING D:1-11
  6791 | D:7      | Reached * piety under Okawaru
  6822 | D:7      | 6822 ||| INVOKING Heroism.
  7168 | D:7      | 7168 ||| DRINKING 2 metallic puce potions.
  7168 | D:7      | Gained mutation: You are partially covered in iridescent
                  | scales. (AC +2) [potion of mutation]
  7168 | D:7      | Gained mutation: Your muscles are strong. (Str +4, Int/Dex
                  | -1) [potion of mutation]
  7169 | D:7      | 7169 ||| READING 2 scrolls of identify.
  7169 | D:7      | 7169 ||| IDENTIFYING fizzy grey potion
  7230 | D:8      | Reached skill level 12 in Ranged Weapons
  7232 | D:8      | 7232 ||| Stepping ~*~*~tactically~*~*~ (outnumbered).
  7244 | D:8      | Reached skill level 1 in Invocations
  7281 | D:8      | 7281 ||| INVOKING Heroism.
  7373 | D:8      | 7373 ||| INVOKING Heroism.
  7648 | D:8      | Reached skill level 3 in Invocations
  7652 | D:8      | 7652 ||| INVOKING Heroism.
  7658 | D:8      | Reached XP level 10. HP: 51/88 MP: 8/11
  7869 | D:8      | Found a radiant altar of Vehumet.
  8035 | D:8      | 8035 ||| DROPPING amulet of guardian spirit.
  8036 | D:8      | 8036 ||| READING scroll labelled QEIVUA XOYD.
  8037 | D:8      | 8037 ||| READING 2 scrolls of identify.
  8037 | D:8      | 8037 ||| IDENTIFYING smoky brown potion
  8147 | D:9      | 8147 ||| INVOKING Heroism.
  8157 | D:9      | Reached ** piety under Okawaru
  8215 | D:9      | 8215 ||| INVOKING Heroism.
  8351 | D:9      | Reached skill level 13 in Ranged Weapons
  8356 | D:9      | 8356 ||| INVOKING Heroism.
  8499 | D:9      | 8499 ||| Stepping ~*~*~tactically~*~*~ (outnumbered).
  8509 | D:9      | Reached skill level 9 in Fighting
  8528 | D:9      | 8528 ||| INVOKING Heroism.
  8781 | D:9      | Reached skill level 6 in Dodging
  9055 | D:9      | Reached *** piety under Okawaru
  9175 | D:9      | 9175 ||| Stepping ~*~*~tactically~*~*~ (outnumbered).
  9180 | D:9      | 9180 ||| Stepping ~*~*~tactically~*~*~ (outnumbered).
  9234 | D:9      | Noticed a two-headed ogre
  9235 | D:9      | 9235 ||| INVOKING Heroism.
  9243 | D:9      | Killed a two-headed ogre
  9244 | D:9      | Reached skill level 14 in Ranged Weapons
  9579 | D:10     | Entered Level 10 of the Dungeon
  9602 | D:10     | 9602 ||| INVOKING Heroism.
  9773 | D:10     | Reached XP level 11. HP: 53/97 MP: 13/13
 10184 | D:10     | Found a sparkling altar of Nemelex Xobeh.
 10190 | D:10     | Found a glowing golden altar of the Shining One.
 10193 | D:10     | 10193 ||| DRINKING 3 yellow potions.
 10198 | D:10     | Found a shimmering altar of Xom.
 10198 | D:10     | Found a shadowy altar of Dithmenos.
 10264 | D:10     | Found a white marble altar of Elyvilon.
 10364 | D:10     | 10364 ||| READING 2 scrolls of identify.
 10364 | D:10     | 10364 ||| IDENTIFYING fuming clear potion
 10380 | D:11     | Reached **** piety under Okawaru
 10393 | D:11     | Noticed Erolcha
 10394 | D:11     | 10394 ||| INVOKING Heroism.
 10406 | D:11     | Killed Erolcha
 10406 | D:11     | Received a gift from Okawaru
 10518 | D:11     | Noticed a boulder beetle
 10524 | D:11     | 10524 ||| INVOKING Heroism.
 10544 | D:11     | HP: 6/99 [boulder beetle (37)]
 10545 | D:11     | 10545 ||| READING scroll of teleportation.
 10545 | D:11     | HP: 2/99 [boulder beetle (5)]
 10546 | D:11     | Killed a boulder beetle
 10866 | D:11     | Found a staircase to the Lair.
 10931 | D:11     | Noticed a boulder beetle
 10932 | D:11     | 10932 ||| INVOKING Heroism.
 10950 | D:11     | Killed a boulder beetle
 11089 | D:11     | Found a white marble altar of Elyvilon.
 11243 | D:11     | 11243 ||| INVOKING Heroism.
 11260 | D:11     | Reached skill level 15 in Ranged Weapons
 11380 | D:11     | 11380 ||| INVOKING Heroism.
 11408 | D:11     | 11408 ||| INVOKING Heroism.
 11451 | D:11     | 11451 ||| INVOKING Heroism.
 11549 | D:11     | Noticed a two-headed ogre
 11550 | D:11     | 11550 ||| INVOKING Heroism.
 11558 | D:11     | Killed a two-headed ogre
 11692 | D:11     | Noticed a boulder beetle
 11693 | D:11     | 11693 ||| INVOKING Heroism.
 11724 | D:11     | 11724 ||| INVOKING Heroism.
 11729 | D:11     | Killed a boulder beetle
 11730 | D:11     | Reached skill level 6 in Invocations
 11851 | D:11     | Noticed a deep elf pyromancer
 11864 | D:11     | Killed a deep elf pyromancer
 11865 | D:11     | Reached skill level 6 in Armour
 11939 | D:11     | 11939 ||| INVOKING Heroism.
 12024 | D:11     | Noticed an ogre mage
 12025 | D:11     | 12025 ||| INVOKING Heroism.
 12031 | D:11     | Killed an ogre mage
 12171 | D:11     | 12171 ||| FLEEEEING.
 12172 | D:11     | 12172 ||| FLEEEEING.
 12173 | D:11     | 12173 ||| FLEEEEING.
 12174 | D:11     | 12174 ||| FLEEEEING.
 12175 | D:11     | 12175 ||| FLEEEEING.
 12176 | D:11     | 12176 ||| FLEEEEING.
 12177 | D:11     | 12177 ||| FLEEEEING.
 12181 | D:11     | 12181 ||| FLEEEEING.
 12182 | D:11     | 12182 ||| FLEEEEING.
 12183 | D:11     | 12183 ||| FLEEEEING.
 12184 | D:11     | 12184 ||| FLEEEEING.
 12185 | D:11     | 12185 ||| FLEEEEING.
 12187 | D:11     | 12187 ||| INVOKING Heroism.
 12194 | D:11     | 12194 ||| FLEEEEING.
 12195 | D:11     | 12195 ||| FLEEEEING.
 12196 | D:11     | 12196 ||| FLEEEEING.
 12197 | D:11     | 12197 ||| FLEEEEING.
 12198 | D:11     | 12198 ||| FLEEEEING.
 12204 | D:11     | 12204 ||| FLEEEEING.
 12205 | D:11     | 12205 ||| FLEEEEING.
 12206 | D:11     | 12206 ||| FLEEEEING.
 12207 | D:11     | 12207 ||| FLEEEEING.
 12208 | D:11     | 12208 ||| FLEEEEING.
 12212 | D:11     | 12212 ||| FLEEEEING.
 12213 | D:11     | 12213 ||| FLEEEEING.
 12222 | D:11     | 12222 ||| STAIRDANCE
 12383 | D:10     | 12383 ||| UPGRADING to ring of see invisible.
 12385 | D:10     | 12385 ||| READING 2 scrolls of identify.
 12385 | D:10     | 12385 ||| IDENTIFYING sedimented dark potion
 12386 | D:10     | 12386 ||| DROPPING potion of lignification.
 12390 | D:11     | 12390 ||| STAIRDANCE
 12592 | D:11     | 12592 ||| SWAPPING to +0 arbalest of draining.
 12593 | D:11     | 12593 ||| DROPPING +0 orcbow.
 12644 | D:11     | Noticed a wolf spider
 12645 | D:11     | 12645 ||| INVOKING Heroism.
 12651 | D:11     | Killed a wolf spider
 12652 | D:11     | Reached XP level 12. HP: 72/94 MP: 14/16
 12757 | D:11     | 12757 ||| INVOKING Heroism.
 12827 | D:11     | Noticed a boulder beetle
 12828 | D:11     | 12828 ||| INVOKING Heroism.
 12836 | D:11     | Killed a boulder beetle
 12983 | D:11     | 12983 ||| PLANNING LAIR
 13012 | Lair:1   | Entered Level 1 of the Lair of Beasts
 13121 | Lair:1   | 13121 ||| INVOKING Heroism.
 13430 | Lair:1   | 13430 ||| INVOKING Heroism.
 13432 | Lair:1   | Reached skill level 16 in Ranged Weapons
 13740 | Lair:1   | 13740 ||| INVOKING Heroism.
 14322 | Lair:2   | 14322 ||| INVOKING Heroism.
 14372 | Lair:2   | Noticed a boulder beetle
 14373 | Lair:2   | 14373 ||| INVOKING Heroism.
 14382 | Lair:2   | Killed a boulder beetle
 14624 | Lair:2   | 14624 ||| INVOKING Heroism.
 14701 | Lair:2   | Found a staircase to the Shoals.
 14735 | Lair:2   | Found a runed translucent gate.
 14735 | Lair:2   | Found a runed translucent gate.
 14736 | Lair:2   | Found a runed translucent gate.
 14737 | Lair:2   | Noticed qw's ghost (journeyman DEHu)
 14739 | Lair:2   | Found a viscous altar of Jiyva.
 15163 | Lair:2   | Reached skill level 9 in Invocations
 15224 | Lair:2   | Found a staircase to the Snake Pit.
 15411 | Lair:2   | 15411 ||| READING scroll labelled JARUENGECI.
 15548 | Lair:3   | Noticed a four-headed hydra
 15549 | Lair:3   | 15549 ||| INVOKING Heroism.
 15554 | Lair:3   | Killed a four-headed hydra
 15579 | Lair:3   | Reached ***** piety under Okawaru
 15757 | Lair:3   | 15757 ||| INVOKING Heroism.
 15851 | Lair:3   | 15851 ||| INVOKING Heroism.
 15920 | Lair:3   | 15920 ||| INVOKING Heroism.
 16094 | Lair:3   | Found a runed translucent door.
 16097 | Lair:3   | Noticed a five-headed hydra
 16204 | Lair:3   | 16204 ||| INVOKING Heroism.
 16206 | Lair:3   | Noticed a five-headed hydra
 16215 | Lair:3   | Killed a five-headed hydra
 16216 | Lair:3   | Reached XP level 13. HP: 86/116 MP: 19/19
 16356 | Lair:3   | 16356 ||| INVOKING Heroism.
 16460 | Lair:4   | 16460 ||| STAIRDANCE
 16462 | Lair:3   | 16462 ||| INVOKING Heroism.
 16469 | Lair:3   | Reached skill level 17 in Ranged Weapons
 16714 | Lair:4   | 16714 ||| STAIRDANCE
 16717 | Lair:3   | 16717 ||| INVOKING Heroism.
 16721 | Lair:3   | HP: 24/116 [yak (13)]
 16722 | Lair:3   | 16722 ||| READING 2 scrolls of teleportation.
 16723 | Lair:3   | 16723 ||| DRINKING 2 potions of heal wounds.
 16725 | Lair:3   | 16725 ||| DRINKING potion of heal wounds.
 16726 | Lair:3   | HP: 26/116 [skyshark (10)]
 16727 | Lair:3   | 16727 ||| READING scroll of teleportation.
 17009 | Lair:3   | Received a gift from Okawaru
 17010 | Lair:3   | Found the +2 hat of the Bear Spirit {Spirit, Bear, *Rage
                  | Will++}
 17057 | Lair:4   | 17057 ||| INVOKING Heroism.
 17218 | Lair:4   | 17218 ||| INVOKING Heroism.
 17335 | Lair:4   | Found a runed translucent door.
 17335 | Lair:4   | Found a viscous altar of Jiyva.
 17359 | Lair:4   | Found a staircase to the Slime Pits.
 17375 | Lair:4   | 17375 ||| INVOKING Heroism.
 17478 | Lair:4   | Reached skill level 18 in Ranged Weapons
 17619 | Lair:4   | 17619 ||| INVOKING Heroism.
 17659 | Lair:4   | Found a runed translucent door.
 17663 | Lair:4   | Noticed qw's ghost (journeyman GrFi)
 17673 | Lair:4   | 17673 ||| INVOKING Heroism.
 18263 | Lair:4   | 18263 ||| READING 4 scrolls of identify.
 18263 | Lair:4   | 18263 ||| IDENTIFYING smoky red potion
 18264 | Lair:4   | 18264 ||| READING 3 scrolls of identify.
 18264 | Lair:4   | 18264 ||| IDENTIFYING brown potion
 18265 | Lair:4   | 18265 ||| DROPPING potion of berserk rage.
 18299 | Lair:5   | Entered Level 5 of the Lair of Beasts
 18301 | Lair:5   | 18301 ||| FLEEEEING.
 18302 | Lair:5   | 18302 ||| STAIRDANCE
 18425 | Lair:5   | Found a frozen archway.
 18430 | Lair:5   | 18430 ||| INVOKING Heroism.
 18434 | Lair:5   | Reached skill level 12 in Fighting
 18516 | Lair:5   | 18516 ||| INVOKING Heroism.
 18522 | Lair:5   | HP: 29/118 [dream sheep (1)]
 18524 | Lair:5   | HP: 5/118 [dream sheep (23)]
 18526 | Lair:5   | HP: 2/118 [poisoned by a cane toad]
 18526 | Lair:5   | Slain by a dream sheep

Levels and vault maps discovered:
D:1:      erik_arrival_triangle_medium, layout_loops_ring,
          hellmonk_ecumenical_altar_pennies_from_heaven, palyth_stone_intersect
D:2:      wad_river_or_something, layout_loops_cross, uniq_jessica
D:3:      lemuel_castle_with_subvaults [lemuel_castle_interior_original],
          layout_loops_corners, grunt_ministairs_14, uniq_natasha
D:4:      layout_loops_ring, minmay_misc_feat_rugged, hangedman_glass_garden,
          uniq_ijyb
D:5:      layout_basic, nicolae_goblin_pals
D:6:      layout_cave_pools, grunt_qazlal_clouds, zin_purify,
          grunt_decor_resistance, minmay_manual_mares
D:7:      layout_loops_ring, minmay_temple_entry_mist, serial_shops, shop
D:8:      layout_basic, lemuel_doored_altar, minmay_diced_spiral
D:9:      layout_irregular_city, minivault_7
D:10:     layout_basic, nicolae_overflow_hallway_of_the_gods
D:11:     nicolae_hexawheel, layout_gridville, lair_entry_dummy,
          elyvilon_altar_4, uniq_erolcha
Temple:   minmay_temple_curvy_branch
Lair:1:   layout_layer_cave, infiniplex_staircase_pool_2
Lair:2:   layout_regular_city, elwin_shoals_entry_stream,
          nicolae_snake_entry_squirm, gammafunk_ghost_ooze, serial_bayou_pond_e,
          cheibrodos_lair_reptile_den, serial_bayou_shore_b
Lair:3:   layout_loops_ring, chequers_serial_rivers_marsh, pf_torpor_hydra
Lair:4:   layout_layer_cave, slime_entry_2, ebering_ghost_inner_flame,
          cheibrodos_lair_caveside_slide, patterned_corridor
Lair:5:   hangedman_lair_caniforms_friends, layout_hall_layers,
          guppyfry_lair_end_dragon, portal_ice_cave_rime

Skill      XL: |  1  2  3  4  5  6  7  8  9 10 11 12 13 |
---------------+----------------------------------------+-----
Ranged Weapons | 3 4 5 6 7 9 10 12 14 15 16 18 | 18.0
Fighting       | 2 3 4 5 7 8 9 10 11 12 | 12.0
Armour         | 1 2 3 4 5 6 |  6.3
Dodging        | 3 5 6 7 8 |  8.8
Invocations    | 3 4 7 10 | 10.0
Spellcasting   | |  1.0
Hexes          | |  2.0

Action                     |  1- 3 |  4- 6 |  7- 9 | 10-12 | 13-15 || total
---------------------------+-------+-------+-------+-------+-------++-------
   Fire: Orcbow            |   134 |   211 |   575 |   550 |       ||  1470
         Arbalest          |       |       |       |   197 |   166 ||   363
 Invoke: Heroism           |       |       |     4 |    33 |    10 ||    47
    Use: Scroll            |     4 |     3 |     7 |     6 |     4 ||    24
         Potion            |       |     3 |     1 |     1 |     2 ||     7
 Armour: Robe              |     5 |       |       |       |       ||     5
         Ring mail         |    13 |    29 |   151 |   208 |    52 ||   453
  Dodge: Dodged            |    39 |    63 |   185 |   396 |   154 ||   837

Table legend:
 A = Non-vault XP
 B = Vault XP
 C = Vault XP percentage of total XP
 D = Non-vault monster count
 E = Vault monster count
 F = Vault count percentage of total count
                 A         B        C        D         E       F
            +---------+---------+-------+---------+---------+-------
      Total |   37871 |   15355 |  28.8 |     310 |     131 |  29.7
            +---------+---------+-------+---------+---------+-------
        D:1 |      33 |       0 |   0.0 |      20 |       0 |   0.0
        D:2 |      47 |      63 |  57.3 |      17 |      10 |  37.0
        D:3 |     102 |     609 |  85.7 |      13 |      56 |  81.2
        D:4 |     319 |      35 |   9.9 |      21 |       1 |   4.5
        D:5 |     811 |      25 |   3.0 |      25 |       7 |  21.9
        D:6 |     845 |     225 |  21.0 |      24 |       2 |   7.7
        D:7 |    1322 |       0 |   0.0 |      24 |       0 |   0.0
        D:8 |    1133 |     228 |  16.8 |      23 |       5 |  17.9
        D:9 |    3248 |    1374 |  29.7 |      42 |      18 |  30.0
       D:10 |    1304 |       0 |   0.0 |      11 |       0 |   0.0
       D:11 |    2637 |    9345 |  78.0 |       6 |      21 |  77.8
     Lair:1 |    3999 |       0 |   0.0 |      15 |       0 |   0.0
     Lair:2 |    1733 |    2743 |  61.3 |       7 |       9 |  56.2
     Lair:3 |    9500 |       0 |   0.0 |      27 |       0 |   0.0
     Lair:4 |    7505 |       0 |   0.0 |      24 |       0 |   0.0
     Lair:5 |    3333 |     708 |  17.5 |      11 |       2 |  15.4
            +---------+---------+-------+---------+---------+-------
